 Dungeon Crawl Stone Soup version 0.28-a0-769-g550dbda0cd (webtiles) character file.

Game seed: 15255379743722641178

175 croobank the Digger (level 5, 0/29 HPs)
             Began as a Gargoyle Earth Elementalist on Nov 1, 2021.
             Was an Initiate of Vehumet.
             Slain by an orc (2 damage)
             ... on level 4 of the Dungeon.
             The game lasted 00:17:09 (3656 turns).

croobank the Digger (Gargoyle Earth Elementalist)   Turns: 3656, Time: 00:17:09

Health: 0/29       AC:  6    Str: 18    XL:     5   Next: 55%
Magic:  7/8        EV: 12    Int: 16    God:    Vehumet [......]
Gold:   167        SH:  0    Dex: 10    Spells: 4/8 levels left

rFire   . . .      SeeInvis .   o - +3 dagger
rCold   . . .      Faith    .   (no shield)
rNeg    + . .      Spirit   .   b - +0 robe
rPois   ∞          Reflect  .   (no helmet)
rElec   +          Harm     .   (no cloak)
rCorr   .          Rampage  .   (no gloves)
Will    .....                   (no boots)
Stlth   ++........              (no amulet)
HPRegen 0.09/turn               n - +6 ring of strength
MPRegen 0.11/turn               (no ring)

@: mighty
A: sickness immunity, AC +4, negative energy resistance 1, electricity
resistance, torment resistance 1, petrification resistance
a: Renounce Religion


You were on level 4 of the Dungeon.
You worshipped Vehumet.
Vehumet was noncommittal.
You visited 1 branch of the dungeon, and saw 4 of its levels.

You collected 167 gold pieces.

Inventory:

Hand Weapons
 d - a +1 short sword
 m - a +0 quarterstaff
 o - a +3 dagger (weapon)
 r - a +0 trident
Missiles
 c - 131 stones
 f - 45 arrows
 g - 55 bolts
 j - 13 sling bullets
Armour
 a - a +1 ring mail
 b - a +0 robe (worn)
 s - a +0 leather armour
 t - a +0 chain mail
Jewellery
 n - a +6 ring of strength (left hand)
Scrolls
 l - a scroll of blinking {unknown}
 p - 3 scrolls of teleportation
Potions
 e - a potion of flight
 h - a potion of curing
 i - a potion of mutation
 q - a potion of lignification {unknown}


   Skills:
 + Level 1.4 Fighting
 + Level 2.3 Short Blades
 + Level 2.3 Dodging
 + Level 3.0 Stealth
 + Level 2.4 Spellcasting
 + Level 0.7 Transmutations
 + Level 4.5 Earth Magic


You had 4 spell levels left.
You knew the following spells:

 Your Spells              Type           Power      Damage    Failure   Level
a - Sandblast             Erth           32%        2d9       3%          1
b - Freeze                Ice            4%         1d3       21%         1
c - Passwall              Tmut/Erth      8%         N/A       10%         2

Your spell library contained the following spells:

 Spells                   Type           Power      Damage    Failure   Level
 Stone Arrow              Conj/Erth      18%        3d8       24%         3
 Frozen Ramparts          Ice            2%         1d2       52%         3
 Petrify                  Tmut/Erth      10%        N/A       54%         4
 Hailstorm                Conj/Ice       1%         3d3       89%         4


Dungeon Overview and Level Annotations

Branches:
Dungeon (4/15)
 Temple: D:4-7

Altars:
Sif Muna
Vehumet

Shops:
D:2 :


Innate Abilities, Weirdness & Mutations

You are immune to sickness and miasma.
Your stone body is resilient. (AC +4)
You are immune to poison.
You resist negative energy. (rN+)
You are resistant to electric shocks. (rElec)
You are resistant to unholy torment.
You are immune to petrification.


Message History

The magic dart hits you.
You feel very mighty all of a sudden. Something hits you.
You hit something.
You hear some strange, mumbled words.
A puff of flame appears from out of thin air!
The puff of flame hits you.
You barely miss something. Something hits you but does no damage.
You closely miss something.
You hear some strange, mumbled words.
A magic dart appears from out of thin air!
The magic dart hits you!
* * * LOW HITPOINT WARNING * * *
You barely miss something.
You hear some strange, mumbled words.
A puff of flame appears from out of thin air!
The puff of flame hits you.
* * * LOW HITPOINT WARNING * * *
You puncture something! Vehumet accepts your kill.
Reactivating autopickup.
You feel a bit more experienced.
Your Stealth skill increases to level 3!
There are monsters nearby!
There is an open door here.
The orc hits you with a +0 short sword.
* * * LOW HITPOINT WARNING * * *
Aiming: Sandblast (safe; 3% risk of failure)
Press: ? - help, Q - select action, (/) - cycle Shift-Dir - straight line, f - orc
Aim: an orc, wielding a +0 short sword (79% to hit)
The blast of sand misses the orc.
The blast of sand hits the orc.
The orc is almost dead.
The orc hits you but does no damage.
You puncture the orc!
You kill the orc!
Vehumet accepts your kill.
You barely miss the orc.
The orc is almost dead.
The orc hits you with a +0 dagger.
You die...

#.##.o.....##.....
#.##>......++.....
#.##..?..!.##.....
#.##.......##....
##'##.########...
#...#.########..
#...#..........####
#.o.#..............
#.@.# #.......####
#...# .[<..#.###
#...########.#
#...'........#
#...###...#..#
#...# #......#
#...# #...##.#
##### #......#
#####'#.###


You could see an orc.

Vanquished Creatures
  An orc wizard (D:4)
  7 adders
  A worm (D:2)
  2 dart slugs
  4 orcs
  6 bats
  2 endoplasms
  6 giant cockroaches
  9 goblins
  10 hobgoblins
  3 jackals (D:3)
  A quokka (D:1)
  6 ball pythons
  3 frilled lizards
  7 kobolds
  6 rats (D:1)
74 creatures vanquished.

Notes
Turn   | Place    | Note
-------+----------+-------------------------------------------
     0 | D:1      | croobank the Gargoyle Earth Elementalist began the quest
                  | for the Orb.
     0 | D:1      | Reached XP level 1. HP: 10/10 MP: 3/3
   245 | D:1      | Reached skill level 4 in Earth Magic
   247 | D:1      | Reached XP level 2. HP: 8/15 MP: 5/5
   643 | D:1      | Learned a level 1 spell: Freeze
   646 | D:1      | Learned a level 2 spell: Passwall
   710 | D:1      | Found a faded altar of an unknown god.
   901 | D:1      | Reached XP level 3. HP: 19/19 MP: 6/6
  1280 | D:2      | Reached skill level 1 in Short Blades
  1393 | D:2      | Found Asaegh's Book Shoppe.
  2181 | D:2      | Reached XP level 4. HP: 24/24 MP: 7/7
  2793 | D:3      | Found a shimmering blue altar of Sif Muna.
  2795 | D:3      | Found a radiant altar of Vehumet.
  2856 | D:3      | Became a worshipper of Vehumet
  2910 | D:3      | Reached skill level 1 in Fighting
  2934 | D:3      | Reached XP level 5. HP: 23/29 MP: 8/8
  3653 | D:4      | HP: 1/29 [orc (2)]
  3656 | D:4      | Slain by an orc

Illustrated notes

Levels and vault maps discovered:
D:1:      saegor_arrival_simple_c, layout_loops_ring,
          shapermc_ecumenical_altar_hornbeckon
D:2:      cheibrodos_old_hovel, layout_basic, serial_shops, nicolae_shop_stone,
          st_stairs_4
D:3:      layout_rooms, grunt_temple_overflow_open
D:4:      layout_basic

Skill      XL: |  1  2  3  4  5 |
---------------+----------------+-----
Earth Magic    | 4 |  4.5
Short Blades   | 1 2 |  2.3
Dodging        | 2 |  2.3
Fighting       | 1 |  1.4
Stealth        | 3 |  3.0
Spellcasting   | |  2.4
Transmutations | |  0.7

Action                   |  1- 3 |  4- 6 || total
-------------------------+-------+-------++-------
Melee: Short sword       |   115 |    33 ||   148
       Dagger            |       |   104 ||   104
 Cast: Sandblast         |    11 |     9 ||    20
  Use: Scroll            |     4 |     5 ||     9
       Potion            |       |     2 ||     2
 Stab: Sleeping          |     4 |     3 ||     7
Armor: Robe              |    45 |    41 ||    86
Dodge: Dodged            |    79 |    81 ||   160

Table legend: (Time is in decaauts)
 A = Elapsed time spent in this place.
 B = Non-inter-level travel time spent in this place.
 C = Inter-level travel time spent in this place.
 D = Time resting spent in this place.
 E = Time spent auto-exploring this place.
 F = Levels seen in this place.
 G = Mean time per level.
                   A        B        C        D        E       F      G
               +--------+--------+--------+--------+--------+-----+--------+
         Total |   3661 |   3558 |    103 |    393 |   2319 |   4 |  915.2 |
       Dungeon |   3661 |   3558 |    103 |    393 |   2319 |   4 |  915.2 |
               +--------+--------+--------+--------+--------+-----+--------+

Top non-repeatable levels by time:
     D:2: 1590 daAuts
     D:1: 1155 daAuts
     D:3: 737 daAuts
     D:4: 177 daAuts
